 Dungeon Crawl Stone Soup version 0.22-a0-880-gb7b0c8b (webtiles) character file.

42 Gruud the Grave Robber (level 3, -5/24 HPs)
             Began as a Demonspawn Necromancer on July 30, 2018.
             Slain by a gnoll
             ... wielding a +0 whip of venom
              (8 damage)
             ... on level 2 of the Dungeon.
             The game lasted 00:05:29 (1439 turns).

Gruud the Grave Robber (Demonspawn Necromancer)     Turns: 1439, Time: 00:05:29

Health: -5/24      AC:  5    Str:  9    XL:     3   Next: 33%
Magic:  1/6        EV: 12    Int: 16    God:
Gold:   22         SH:  0    Dex: 13    Spells: 1/6 levels left

rFire    . . .     SeeInvis .   a - +0 whip
rCold    . . .     Gourm    .   (no shield)
rNeg     . . .     Faith    .   i - +0 robe
rPois    .         Spirit   .   (no helmet)
rElec    .         Reflect  .   h - +2 cloak
rCorr    .         Harm     .   (no gloves)
MR       .....                  (no boots)
Stlth    ++........             (no amulet)
HPRegen  0.08/turn              (no ring)
MPRegen  0.10/turn              (no ring)

@: no status effects
A: talons 1
a: no special abilities


You were on level 2 of the Dungeon.
You were not hungry.

You visited 1 branch of the dungeon, and saw 2 of its levels.

You collected 22 gold pieces.

Inventory:

Hand Weapons
 a - a +0 whip (weapon)
 e - a +0 dagger
 g - a +1 club
Missiles
 d - 20 sling bullets
Armour
 h - a +2 cloak (worn)
 i - a +0 robe (worn)
Scrolls
 f - a scroll of remove curse
Potions
 j - a potion of berserk rage
 k - a potion of brilliance {unknown}
Comestibles
 b - 2 chunks of flesh
 c - a ration


   Skills:
 + Level 0.1 Maces & Flails
 - Level 1.7 Dodging
 - Level 1.7 Stealth
 + Level 2.0 Spellcasting
 * Level 5.7 Necromancy


You had one spell level left.
You knew the following spells:

 Your Spells              Type           Power        Failure   Level  Hunger
a - Pain                  Necr           ###.         1%          1    #......
b - Animate Skeleton      Necr           N/A          1%          1    #......
c - Vampiric Draining     Necr           ###.......   6%          3    ###....

Your spell library contained the following spells:

 Spells                   Type           Power        Failure   Level  Hunger
 Animate Dead             Necr           N/A          21%         4    #####..
 Regeneration             Chrm/Necr      ##........   19%         3    ###....


Dungeon Overview and Level Annotations

Branches:
Dungeon (2/15)

Altars:


Innate Abilities, Weirdness & Mutations

You have sharp toenails.


Message History

You kill the goblin!
Casting: Pain (safe; 1% risk of failure)
Confirm with . or Enter, or press ? or * to list all spells.
Aiming: Pain (safe; 1% risk of failure)
Press: ? - help, Shift-Dir - straight line, f - gnoll
Aim: a gnoll, wielding a whip of venom (chance to defeat MR: 84%)
The gnoll writhes in agony!
The gnoll closely misses you.
Casting: Pain (safe; 1% risk of failure)
Confirm with . or Enter, or press ? or * to list all spells.
Aiming: Pain (safe; 1% risk of failure)
Press: ? - help, Shift-Dir - straight line, f/p - gnoll
Aim: a gnoll, wielding a whip of venom (moderately wounded, chance to defeat MR: 84%)
The gnoll writhes in agony!
The gnoll barely misses you.
You closely miss the gnoll. Your kick misses the gnoll.
The gnoll is severely wounded.
The gnoll hits you with a whip of venom!
* * * LOW HITPOINT WARNING * * *
There is a stone staircase leading up here.
The gnoll hits you with a whip of venom!
You die...

#h #. .
#..#### .#
#...).##..# #
#. ##g(..#
#.#.##@.####
#...#...#
#..#.#
#......##..#
.........##...
......##..
.... ......
..#####.
.##.#. ... #..
####


You could see a gnoll.

Vanquished Creatures
  A worm (D:2)
  A dart slug (D:1)
  2 leopard geckos (D:1)
  A ball python (D:1)
  3 goblins
  4 hobgoblins (D:1)
  5 jackals
  3 kobolds (D:1)
  5 bats (D:1)
  3 rats (D:1)
28 creatures vanquished.

Vanquished Creatures (collateral kills)
  A dart slug (D:1)
  A frilled lizard (D:1)
  A rat (D:1)
3 creatures vanquished.

Grand Total: 31 creatures vanquished

Notes
Turn   | Place    | Note
-------+----------+-------------------------------------------
     0 | D:1      | Gruud the Demonspawn Necromancer began the quest for the Orb.
     0 | D:1      | Reached XP level 1. HP: 13/13 MP: 3/3
     2 | D:1      | Learned a level 1 spell: Animate Skeleton
   109 | D:1      | Gained mutation: You have sharp toenails. [demonic ancestry]
   109 | D:1      | Reached XP level 2. HP: 4/19 MP: 0/5
   119 | D:1      | Reached skill level 5 in Necromancy
   980 | D:1      | Reached XP level 3. HP: 4/24 MP: 0/6
  1336 | D:1      | Learned a level 3 spell: Vampiric Draining
  1439 | D:2      | Slain by a gnoll

Vault maps used:
D:1:      dpeg_arrival_windows_large_door
D:2:      first_ration

Skill      XL: |  1  2 |
---------------+-------+-----
Necromancy     | 5 |  5.7
Maces & Flails | |  0.1
Dodging        | |  1.7
Stealth        | |  1.7
Spellcasting   | |  2.0

Action                   || total
-------------------------++-------
Melee: Dagger            ||     7
       Club              ||    13
       Kick              ||     5
       Short sword       ||     2
       Whip              ||    16
 Cast: Pain              ||    46
       Animate Skeleton  ||    15
  Use: Scroll            ||     5
  Eat: Chunk             ||     3
Armor: Robe              ||    17
Dodge: Dodged            ||    35

Table legend:
 A = Spawn XP
 B = Non-spawn XP
 C = Spawn XP percentage of total XP
 D = Spawn monster count
 E = Non-spawn monster count
 F = Spawn count percentage of total count
 G = Total turns spent on level
                    A         B        C        D         E        F      G
               +---------+---------+-------+---------+---------+-------+---------
         Total |       0 |      60 |   0.0 |       0 |      31 |   0.0 |  1439
               +---------+---------+-------+---------+---------+-------+---------
           D:1 |       0 |      51 |   0.0 |       0 |      28 |   0.0 |  1363
           D:2 |       0 |       9 |   0.0 |       0 |       3 |   0.0 |    76
               +---------+---------+-------+---------+---------+-------+---------
